 Dungeon Crawl Stone Soup version 0.30-a0-802-gb92711bcdf (webtiles) character file.

Game seed: 526049729034179496

64 cforsyth the Sneak (level 4, 0/28 HPs)
             Began as a Kobold Brigand on Feb 23, 2023.
             Killed from afar by Natasha (11 damage)
             ... with a magic dart
             ... on level 2 of the Dungeon.
             The game lasted 00:01:28 (1540 turns).

cforsyth the Sneak (Kobold Brigand)                 Turns: 1540, Time: 00:01:29

Health: 0/28       AC:  3    Str:  8    XL:     4   Next: 32%
Magic:  4/4        EV: 15    Int: 12    God:
Gold:   76         SH:  0    Dex: 18    Spells: 3/3 levels left

rFire   . . .      SeeInvis .    a - +2 dagger
rCold   . . .      Faith    .    (no shield)
rNeg    . . .      Spirit   .    b - +0 robe
rPois   .          Reflect  .    (no helmet)
rElec   .          Harm     .    c - +0 cloak
rCorr   .          Rampage  .    (no gloves)
Will    .....                    (no boots)
Stlth   ++++                     (no amulet)
HPRegen 0.24/turn                (no ring)
MPRegen 0.09/turn                (no ring)

@: no status effects
A: small, no large weapons, nightstalker 3
a: no special abilities


You were on level 2 of the Dungeon.
You visited 1 branch of the dungeon, and saw 2 of its levels.

You collected 76 gold pieces.

Inventory:

Hand Weapons
 a - a +2 dagger (weapon)
Missiles
 d - 18 poisoned darts (quivered)
 e - 3 curare-tipped darts
Armour
 b - a +0 robe (worn)
 c - a +0 cloak (worn)
Jewellery
 g - a +4 ring of slaying
 i - an amulet of magic regeneration
 m - a ring of flight
Scrolls
 f - a scroll of fear {unknown}
 j - a scroll of immolation {unknown}
 o - a scroll of identify {unknown}
Potions
 h - a potion of attraction {unknown}
 k - a potion of ambrosia {unknown}
 l - a potion of cancellation {unknown}
 n - a potion of haste {unknown}


   Skills:
 + Level 3.0 Fighting
 + Level 3.6 Short Blades
 - Level 2.1 Throwing
 + Level 2.5 Dodging
 + Level 6.0 Stealth


You had 3 spell levels left.
You didn't know any spells.
Your spell library contained the following spells:

 Spells                   Type           Power      Damage    Failure   Level
 Lesser Beckoning         Tloc           0%         N/A       45%         2
 Gell's Gravitas          Tloc           0%         N/A       69%         3
 Teleport Other           Tloc           0%         N/A       69%         3


Dungeon Overview and Level Annotations

Branches:
Dungeon (2/15)

Altars:

Annotations:
D:2 Natasha


Innate Abilities, Weirdness & Mutations

You are small and have problems with some larger weapons.
You are completely attuned to the shadows.


Message History

Natasha casts a spell at you. The magic dart hits you!
You hit Natasha but do no damage. Natasha claws you.
You are too injured to fight recklessly!
You are too injured to fight recklessly!
You are too injured to fight recklessly!
You are too injured to fight recklessly!
You are too injured to fight recklessly!
You are too injured to fight recklessly!
You are too injured to fight recklessly!
You hit Natasha but do no damage.
Natasha splashes around in the water.
You hit Natasha.
Natasha is moderately wounded.
Natasha misses you.
You miss Natasha.
Natasha is moderately wounded.
You hit Natasha but do no damage.
Natasha is moderately wounded.
Natasha misses you.
You hit Natasha.
Natasha is heavily wounded.
Natasha barely misses you.
You closely miss Natasha.
Natasha is heavily wounded.
Natasha splashes around in the water.
You barely miss Natasha.
Natasha is heavily wounded.
Natasha claws you but does no damage.
You completely miss Natasha.
Natasha is heavily wounded.
Natasha splashes around in the water.
You hit Natasha.
Natasha is severely wounded.
You hit Natasha.
Natasha is almost dead.
Natasha wildly gestures.
You feel troubled.
Natasha stares at you and mumbles some strange words.
The magic dart hits you!
You die...

♣P~~h~~ ♣~~~~P~ #### ##♣)~≈~~~
...# #..♣~~≈~~.. ##.####
#...~P~~~.. ##....##
#...~P≈~~~.. .......#
#...♣~~~~~.. .#
.##....######...♣♣~~~P. ..#
.###.#.#........@hP~P♣####.####
.................P~~P♣..##.....
..##.#.#....).....♣~~##.†....#
.#.....######...###♣.##.##...#
###..### #...# #.........# #
##.# #...# ####....#.# ###.##
#...# #..###.# .#.## #####...#
#..###.# #.## ####...##.##
#......####


You could see Natasha.

Vanquished Creatures
  2 adders (D:2)
  A worm (D:2)
  A dart slug (D:2)
  3 bats
  3 endoplasms
  3 giant cockroaches
  2 goblins
  4 hobgoblins
  4 jackals (D:2)
  4 kobolds
  4 quokkas
  A ball python (D:1)
  3 frilled lizards (D:2)
  A rat (D:2)
36 creatures vanquished.

Vanquished Creatures (others)
  8 plants (D:2)
8 creatures vanquished.

Grand Total: 44 creatures vanquished

Notes
Turn   | Place    | Note
-------+----------+-------------------------------------------
     0 | D:1      | cforsyth the Kobold Brigand began the quest for the Orb.
     0 | D:1      | Reached XP level 1. HP: 12/12 MP: 1/1
   248 | D:1      | Reached XP level 2. HP: 18/18 MP: 2/2
   294 | D:1      | You fall into a shaft and drop 1 floor!
   365 | D:2      | Reached XP level 3. HP: 22/22 MP: 3/3
   928 | D:1      | Reached XP level 4. HP: 27/27 MP: 4/4
  1347 | D:2      | Noticed Natasha
  1414 | D:2      | Reached skill level 6 in Stealth
  1540 | D:2      | Killed from afar by Natasha

Illustrated notes

Levels and vault maps discovered:
D:1:      giann_horns, layout_basic, nicolae_eternal_life, minmay_pentomino_u2
D:2:      layout_loops_cross, minmay_misc_feat_rows, serial_bayou_ford_a,
          uniq_natasha

Skill      XL: |  1  2  3  4 |
---------------+-------------+-----
Short Blades   | 3 |  3.6
Dodging        | 2 |  2.5
Stealth        | 6 |  6.0
Fighting       | 3 |  3.0
Throwing       | |  2.1

Action                     |  1- 3 |  4- 6 || total
---------------------------+-------+-------++-------
  Melee: Dagger            |    40 |    78 ||   118
         Punch             |       |     1 ||     1
   Stab: Sleeping          |    17 |     3 ||    20
         Distracted        |     2 |       ||     2
 Armour: Robe              |     2 |    13 ||    15
  Dodge: Dodged            |     9 |    31 ||    40

Table legend: (Time is in decaauts)
 A = Elapsed time spent in this place.
 B = Non-inter-level travel time spent in this place.
 C = Inter-level travel time spent in this place.
 D = Time resting spent in this place.
 E = Time spent auto-exploring this place.
 F = Levels seen in this place.
 G = Mean time per level.
                   A        B        C        D        E       F      G
               +--------+--------+--------+--------+--------+-----+--------+
         Total |   1529 |   1509 |     20 |     18 |   1238 |   2 |  764.5 |
       Dungeon |   1529 |   1509 |     20 |     18 |   1238 |   2 |  764.5 |
               +--------+--------+--------+--------+--------+-----+--------+

Top non-repeatable levels by time:
     D:1: 916 daAuts
     D:2: 612 daAuts
